 Dungeon Crawl Stone Soup version 0.28.0-43-g3370ac3207 (webtiles) character file.

Game seed: 15065246743622562090

886 pkoi the Sneak (level 7, -6/55 (59) HPs)
             Began as a Demigod Brigand on Mar 31, 2022.
             Mangled by a wight
             ... wielding a +5 great sword of freezing
              (9 damage)
             ... on level 5 of the Dungeon.
             The game lasted 00:10:41 (7287 turns).

pkoi the Sneak (Demigod Brigand)                    Turns: 7287, Time: 00:10:41

HP:   -6/55 (59)    AC:  4    Str: 16    XL:     7   Next: 47%
MP:   9/9           EV: 14    Int: 13    God:
Gold: 237           SH:  0    Dex: 19    Spells: 3/6 levels left

rFire   . . .      SeeInvis .   a - +2 dagger
rCold   . . .      Faith    .   (no shield)
rNeg    . . .      Spirit   .   m - +1 robe {Archmagi}
rPois   .          Reflect  .   (no helmet)
rElec   .          Harm     .   c - +0 cloak
rCorr   .          Rampage  .   (no gloves)
Will    .....      Archmagi +   (no boots)
Stlth   +++.......              (no amulet)
HPRegen 0.18/turn               r - ring of wizardry
MPRegen 0.11/turn               (no ring)

@: drained
A: high MP 1, forlorn, divine attributes
a: no special abilities


You were on level 5 of the Dungeon.
You visited 1 branch of the dungeon, and saw 5 of its levels.

You collected 237 gold pieces.

Inventory:

Hand Weapons
 a - a +2 dagger (weapon)
 l - a +1 vampiric dagger
Missiles
 d - 12 poisoned darts
 e - 5 curare-tipped darts
 j - 2 javelins
 n - 4 boomerangs (quivered)
Armour
 b - a +0 robe
 c - a +0 cloak (worn)
 m - a +1 robe of the Archmagi (worn)
Jewellery
 r - a ring of wizardry (left hand)
Scrolls
 g - a scroll of fog
 h - 4 scrolls of vulnerability
 k - a scroll of fear
 p - a scroll of identify
Potions
 i - a potion of heal wounds
 o - a potion of invisibility
 q - a potion of mutation


   Skills:
 + Level 4.1 Fighting
 - Level 1.7 Short Blades
 - Level 1.7 Throwing
 + Level 3.8 Dodging
 + Level 5.5 Stealth
 + Level 4.3 Unarmed Combat


You had 3 spell levels left.
You knew the following spells:

 Your Spells              Type           Power      Damage    Failure   Level
a - Frozen Ramparts       Ice            0%         1d2       34%         3

Your spell library contained the following spells:

 Spells                   Type           Power      Damage    Failure   Level
 Freeze                   Ice            0%         1d3       12%         1
 Ensorcelled Hibernation  Hex/Ice        0%         N/A       19%         2
 Spider Form              Tmut/Pois      0%         N/A       34%         3
 Anguish                  Hex/Necr       0%         N/A       73%         4
 Hailstorm                Conj/Ice       0%         3d3       73%         4
 Petrify                  Tmut/Erth      0%         N/A       73%         4
 Metabolic Englaciation   Hex/Ice        0%         N/A       96%         5
 Statue Form              Tmut/Erth      0%         N/A       100%        6


Dungeon Overview and Level Annotations

Branches:
Dungeon (5/15)
 Temple: D:4-7

Shops:
D:5 [


Innate Abilities, Weirdness & Mutations

You have an increased reservoir of magic. (+10% MP)
You shall have no god before yourself.
Your divine heritage dramatically boosts your attributes as you level up.


Message History

You hit the wight but do no damage.
The wight is moderately damaged.
Unknown command.
Okay, then.
Okay, then.
You aren't carrying any items that you can evoke.
There is a stone staircase leading down here.
The wight closely misses you.
You climb downwards.
There is a stone staircase leading up here.
Unknown command.
Okay, then.
Okay, then.
Unknown command.
You aren't carrying any items that you can evoke.
Unknown command.
You hit the wight.
The wight is moderately damaged.
The wight barely misses you.
You hit the wight but do no damage.
The wight is moderately damaged.
The wight hits you with a +5 great sword of freezing.
* * * LOW HITPOINT WARNING * * *
You feel drained.
* * * LOW HITPOINT WARNING * * *
The wight freezes you.
* * * LOW HITPOINT WARNING * * *
You hit the wight but do no damage.
The wight is moderately damaged.
The wight misses you.
Unknown command.
You hit the wight but do no damage. You punch the wight.
The wight is severely damaged.
Unknown command.
You hit the wight but do no damage.
The wight is severely damaged.
The wight hits you with a +5 great sword of freezing!!
* * * LOW HITPOINT WARNING * * *
The wight freezes you!
You die...

.#######.###.#######.## #.#
......................# #.#
.######......<...###..# #.#
..####.>>..#.###.###..####.##
#...##.###.#.# #.##.........#
..#.##.# #(#.# #.##...####..#
.##.##.# #.#.# #.##.........#
.##.##.# #.#.# #z##.#.###...#
.##.##.###.#.###@##.#.###.#.#
....o.......................#
###....o.............####...###
########.##(##..............#
#.##.##.##.....#####.# ###
#.##.##.##.###.# #.#
##(###.##.##.##.# #.# #.#
##.#.##.##.##.##.# #.# #.#
#.###......##.##.###.#####.#


You could see a wight.

Vanquished Creatures
  A black bear (D:4)
  An ogre (D:5)
  A centaur (D:5)
  Blork the orc (D:4)
  A scorpion (D:4)
  2 wights (D:4)
  A jelly (D:5)
  2 hounds
  Jessica (D:3)
  A centaur skeleton (D:4)
  3 orc wizards (D:4)
  3 hound skeletons
  6 adders
  A shadow imp (D:5)
  2 ufetubi
  3 dart slugs
  10 orcs
  9 bats
  7 endoplasms
  6 giant cockroaches
  3 goblins (D:2)
  6 hobgoblins
  4 jackals (D:1)
  7 quokkas
  7 ball pythons
  5 frilled lizards
  10 kobolds
  4 rats
108 creatures vanquished.

Vanquished Creatures (others)
  3 plants (D:1)
3 creatures vanquished.

Grand Total: 111 creatures vanquished

Notes
Turn   | Place    | Note
-------+----------+-------------------------------------------
     0 | D:1      | pkoi the Demigod Brigand began the quest for the Orb.
     0 | D:1      | Reached XP level 1. HP: 17/17 MP: 3/3
    48 | D:1      | Reached skill level 1 in Dodging
   164 | D:1      | Reached XP level 2. HP: 12/24 MP: 4/4
   358 | D:1      | Reached skill level 1 in Unarmed Combat
  1120 | D:2      | Reached XP level 3. HP: 29/29 MP: 5/5
  1785 | D:2      | Reached skill level 4 in Stealth
  2475 | D:3      | Reached XP level 4. HP: 37/37 MP: 6/6
  2593 | D:3      | Noticed Jessica
  2621 | D:3      | Killed Jessica
  3649 | D:4      | Learned a level 3 spell: Frozen Ramparts
  3706 | D:4      | Reached XP level 5. HP: 25/42 MP: 7/7
  4460 | D:5      | Entered Level 5 of the Dungeon
  4504 | D:4      | Noticed Blork the orc
  4636 | D:5      | Found Weunum's Antique Armour Boutique.
  4773 | D:5      | Noticed an ogre
  5184 | D:5      | Noticed a centaur
  5194 | D:5      | Killed a centaur
  5195 | D:5      | Reached XP level 6. HP: 28/51 MP: 8/8
  5602 | D:5      | Reached skill level 5 in Stealth
  6291 | D:4      | Reached XP level 7. HP: 46/58 MP: 9/9
  6495 | D:4      | Killed Blork the orc
  7287 | D:5      | Mangled by a wight

Illustrated notes

Levels and vault maps discovered:
D:1:      mrwooster_arrival_arrow, layout_rooms,
          hellmonk_ecumenical_altar_dog_temple, lexackson_kobold_supper
D:2:      layout_basic
D:3:      layout_basic, mainiacjoe_overflow_big_doors,
          nicolae_elyvilon_temple_path, chequers_garden, uniq_jessica
D:4:      layout_basic, led_sif_book, xom_teletrap_fun, uniq_blork_the_orc
D:5:      layout_loops_ring, serial_shops, shop_statue

Skill      XL: |  1  2  3  4  5  6  7 |
---------------+----------------------+-----
Dodging        | 1 2 3 |  3.8
Fighting       | 2 3 4 |  4.1
Unarmed Combat | 1 2 3 4 |  4.3
Stealth        | 4 5 |  5.5
Short Blades   | |  1.7
Throwing       | |  1.7

Action                   |  1- 3 |  4- 6 |  7- 9 || total
-------------------------+-------+-------+-------++-------
Melee: Dagger            |   164 |   250 |    65 ||   479
       Punch             |     3 |    14 |     4 ||    21
Throw: Dart              |     7 |    16 |     5 ||    28
       Boomerang         |       |     5 |    11 ||    16
  Use: Potion            |     1 |     4 |       ||     5
       Scroll            |       |     2 |     5 ||     7
 Stab: Sleeping          |    13 |     5 |     1 ||    19
Armor: Robe              |    45 |    54 |     9 ||   108
Dodge: Dodged            |   115 |   158 |    55 ||   328
